 Dungeon Crawl Stone Soup version 0.29-a0-275-g389c0b56f3 (webtiles) character file.

Game seed: 8084251083340033408

5392 drugrobin the Fighter (level 10, -4/88 HPs)
             Began as a Demigod Fighter on Mar 13, 2022.
             Slain by an ice dragon (11 damage)
             ... on level 12 of the Dungeon.
             The game lasted 00:24:12 (8195 turns).

drugrobin the Fighter (Demigod Fighter)             Turns: 8195, Time: 00:24:13

Health: -4/88      AC:  6    Str: 26    XL:     10   Next: 17%
Magic:  13/13      EV:  8    Int: 10    God:
Gold:   403        SH: 11    Dex: 18    Spells: 9/9 levels left

rFire   + + .      SeeInvis .   c - +2 flail (drain)
rCold   . . .      Faith    .   h - +0 kite shield
rNeg    . . .      Spirit   .   Q - +0 scale mail "Ikegolat" {rF++ Str-3 Dex+5}
rPois   +          Reflect  .   (no helmet)
rElec   .          Harm     .   (no cloak)
rCorr   .          Rampage  .   (no gloves)
Will    +....                   I - +2 pair of boots
Stlth   ..........              n - amulet of regeneration
HPRegen 1.04/turn               H - ring of poison resistance
MPRegen 0.13/turn               (no ring)

@: mighty
A: high MP 1, forlorn, divine attributes, claws 1, deformed body
a: no special abilities


You were on level 12 of the Dungeon.
You visited 1 branch of the dungeon, and saw 10 of its levels.

You collected 536 gold pieces.
You spent 133 gold pieces at shops.

Inventory:

Hand Weapons
 a - a +0 war axe
 b - a +0 dagger of venom
 c - a +2 flail of draining (weapon)
 d - a +4 mace of freezing
Missiles
 l - 5 poisoned darts
 F - 8 boomerangs
 J - 7 javelins (quivered)
Armour
 h - a +0 kite shield (worn)
 D - a +0 chain mail
 G - a +0 buckler
 I - a +2 pair of boots (worn)
 Q - the +0 scale mail "Ikegolat" (worn) {rF++ Str-3 Dex+5}
   (You found it on level 9 of the Dungeon)

   Str:       It affects your strength (-3).
   Dex:       It affects your dexterity (+5).
   rF:        It greatly protects you from fire.
Jewellery
 n - an amulet of regeneration (around neck)
 s - the ring of Qazlal's Reproof {Fire Dex+3}
   (You found it on level 3 of the Dungeon)

   [ring of fire]

   It enhances your fire magic.
   Dex:       It affects your dexterity (+3).
   rF:        It protects you from fire.
   rC:        It makes you vulnerable to cold.
 H - a ring of poison resistance (left claw)
Wands
 B - a wand of flame (9)
 L - a wand of digging (5)
Scrolls
 e - a scroll of vulnerability
 f - 2 scrolls of blinking
 k - a scroll of fear
 p - a scroll of brand weapon
 r - 3 scrolls of immolation
 t - a scroll of holy word
 v - a scroll of summoning
 w - a scroll of teleportation
 x - 3 scrolls of silence
 A - 2 scrolls of enchant armour
 E - a scroll of fog
Potions
 g - 2 potions of mutation
 i - a potion of lignification {unknown}
 j - a potion of invisibility {unknown}
 m - 3 potions of curing
 o - a potion of degeneration {unknown}
 q - a potion of brilliance {unknown}
 z - a potion of haste {unknown}
 C - a potion of heal wounds {unknown}
 K - 2 potions of flight {unknown}
 P - 2 potions of ambrosia {unknown}
Miscellaneous
 M - a lightning rod (inert)


   Skills:
 + Level 8.1 Fighting
 + Level 7.8 Axes
 - Level 2.8 Armour
 + Level 8.0 Shields
 + Level 5.5 Evocations


You had 9 spell levels left.
You didn't know any spells.
Your spell library contained the following spells:

 Spells                   Type           Power      Damage    Failure   Level
 Magic Dart               Conj           0%         1d3       91%         1
 Sting                    Tmut/Pois      0%         1d3       91%         1
 Call Imp                 Summ           0%         N/A       97%         2
 Corpse Rot               Necr/Air       0%         N/A       97%         2
 Poisonous Vapours        Pois/Air       0%         N/A       97%         2
 Sublimation of Blood     Necr           0%         N/A       97%         2
 Wereblood                Tmut           0%         N/A       97%         2
 Call Canine Familiar     Summ           0%         N/A       100%        3
 Conjure Flame            Conj/Fire      0%         6-21      100%        3
 Ignite Poison            Fire/Tmut/Pois 0%         N/A       100%        3
 Mephitic Cloud           Conj/Pois/Air  0%         N/A       100%        3
 Portal Projectile        Hex/Tloc       0%         N/A       100%        3
 Dispel Undead            Necr           0%         3d6       100%        4
 Leda's Liquefaction      Hex/Erth       0%         N/A       100%        4
 Olgreb's Toxic Radiance  Pois           0%         N/A       100%        4
 Sticky Flame             Conj/Fire      0%         2d3       100%        4
 Summon Forest            Summ/Tloc      0%         N/A       100%        5
 Death Channel            Necr           0%         N/A       100%        6
 Eringya's Noxious Bog    Tmut/Pois      0%         N/A       100%        6
 Summon Hydra             Summ           0%         N/A       100%        7


Dungeon Overview and Level Annotations

Branches:
Dungeon (9/15)             Temple (0/1) D:5
   Lair: D:8-11         Orc: D:9-12

Shops:
D:4 [   D:5 ?   D:7 *

Portals:
Ice
Cave: D:12


Innate Abilities, Weirdness & Mutations

You have an increased reservoir of magic. (+10% MP)
You shall have no god before yourself.
Your divine heritage dramatically boosts your attributes as you level up.
You have sharp fingernails.
Armour fits poorly on your strangely shaped body.


Message History

Unknown command.
Okay, then.
Unknown command.
Blink to where?
Press: ? - help, Dir - move target, p - ice dragon
As you read the scroll of blinking, it crumbles to dust.
Unknown command.
Unknown command.
Okay, then.
It was a potion of mutation.
You feel extremely strange.
Your body twists and deforms.
Your fingernails lengthen.
You feel better. The ice dragon breathes frost at you.
The blast of cold misses you.
Unknown command.
Unknown command.
You sock the ice dragon!
The ice dragon is heavily wounded.
The ice dragon bites you!
* * * LOW HITPOINT WARNING * * *
The ice dragon closely misses you. You block the ice dragon's attack.
Unknown command.
Unknown command.
Unknown command.
Unknown command.
Unknown command.
You hit the ice dragon but do no damage.
The ice dragon is heavily wounded.
The ice dragon completely misses you. You block the ice dragon's attack.
The ice dragon tramples you.
* * * LOW HITPOINT WARNING * * *
You hold your ground!
Unknown command.
Unknown command.
Unknown command.
You bludgeon the ice dragon!! You drain the ice dragon!
The ice dragon is almost dead.
The ice dragon closely misses you. You block the ice dragon's attack.
The ice dragon tramples you!
You die...

.. #..........
##.
##..##.##.. .h
##.....## #h
#<....##
#†######....#
##D##.......#
##.###.###.###
#D####.# ###
#.@....#
########


You could see an ice dragon (drained).

Vanquished Creatures
  Maurice (D:8)
  A polar bear (D:12)
  A hornet (D:7)
  Grinder (D:6)
  10 yaks
  Eustachio (D:3)
  A wyvern (D:9)
  A steam dragon (D:6)
  2 water moccasins
  An acid dragon (D:8)
  An ice beast (D:6)
  An orc warrior (D:8)
  A black bear (D:7)
  2 wolves (D:12)
  3 centaurs
  2 phantoms
  3 bullfrogs
  5 scorpions
  A necrophage (D:4)
  4 wights
  2 howler monkeys (D:4)
  5 hounds
  2 jellies
  5 orc priests
  4 iguanas
  3 orc wizards
  3 gnolls
  2 adders
  A white imp (D:8)
  A dart slug (D:3)
  25 orcs
  3 ball pythons
  An endoplasm (D:1)
  A giant cockroach (D:3)
  5 goblins
  6 hobgoblins
  7 jackals
  A quokka (D:2)
  4 bats
  7 frilled lizards
  5 kobolds
  A rat (D:2)
137 creatures vanquished.

Notes
Turn   | Place    | Note
-------+----------+-------------------------------------------
     0 | D:1      | drugrobin the Demigod Fighter began the quest for the Orb.
     0 | D:1      | Reached XP level 1. HP: 18/18 MP: 3/3
   442 | D:1      | Reached XP level 2. HP: 25/25 MP: 4/4
  1926 | D:2      | Reached XP level 3. HP: 13/31 MP: 5/5
  1992 | D:3      | Noticed a scorpion
  1998 | D:3      | Killed a scorpion
  1999 | D:3      | Reached XP level 4. HP: 37/40 MP: 6/6
  2306 | D:3      | Identified the ring of Qazlal's Reproof {Fire Dex+3}
  2420 | D:4      | Reached XP level 5. HP: 44/46 MP: 7/7
  2696 | D:4      | Reached XP level 6. HP: 53/53 MP: 8/8
  2723 | D:4      | Noticed Eustachio
  2863 | D:3      | Killed Eustachio
  3159 | D:4      | Found Poqipuef's Antique Armour Shoppe.
  3258 | D:5      | Entered Level 5 of the Dungeon
  3272 | D:4      | Reached skill level 5 in Fighting
  3272 | D:4      | Reached XP level 7. HP: 59/61 MP: 9/9
  3291 | D:4      | Reached skill level 5 in Shields
  3304 | D:5      | Reached skill level 5 in Axes
  3359 | D:5      | Noticed a yak
  3359 | D:5      | Noticed a yak
  3381 | D:5      | Identified the +4 ring mail of Entitlement {Harm rElec}
  3416 | D:4      | Killed a yak
  3540 | D:5      | Found a staircase to the Ecumenical Temple.
  3792 | D:5      | Found Syxevus's Magic Scroll Shop.
  3796 | D:5      | Bought a scroll of identify for 28 gold pieces
  3796 | D:5      | Bought a scroll of blinking for 105 gold pieces
  4128 | D:6      | Reached XP level 8. HP: 70/70 MP: 10/10
  4146 | D:6      | Reached skill level 1 in Evocations
  4157 | D:6      | Noticed Grinder
  4168 | D:6      | Killed Grinder
  4825 | D:7      | Noticed a hornet
  5330 | D:7      | Killed a hornet
  5376 | D:7      | Found Zisyox's General Store.
  6119 | D:7      | Reached XP level 9. HP: 76/78 MP: 11/11
  6699 | D:8      | Noticed Maurice
  6716 | D:8      | Killed Maurice
  7584 | D:9      | HP: 2/74 [orc/+0 whip (2)]
  7887 | D:8      | Reached skill level 5 in Evocations
  7968 | D:9      | Reached XP level 10. HP: 49/88 MP: 13/13
  8026 | D:9      | Identified the +0 scale mail "Ikegolat" {rF++ Str-3 Dex+5}
  8092 | D:9      | You fall into a shaft and drop 3 floors!
  8145 | D:12     | Noticed a two-headed ogre
  8165 | D:12     | Found a frozen archway.
  8168 | D:12     | Noticed an ice dragon
  8188 | D:12     | HP: 3/88 [ice dragon (7)]
  8191 | D:12     | Gained mutation: Armour fits poorly on your strangely
                  | shaped body. [potion of mutation]
  8191 | D:12     | Gained mutation: You have sharp fingernails. [potion of
                  | mutation]
  8195 | D:12     | Slain by an ice dragon

Illustrated notes

Levels and vault maps discovered:
D:1:      roderic_crossed_star, layout_loops_cross, corexii_leaking_fountain
D:2:      layout_loops_cross
D:3:      layout_loops_cross, mainiacjoe_overflow_catwalk_spiral,
          grunt_gozag_statues, hangedman_decor_lopped, st_stairs_3,
          minmay_tree_intersection, minmay_cupped
D:4:      layout_cave_pools, general_overflow_altar, serial_shops, shop,
          uniq_eustachio
D:5:      layout_loops_ring, minmay_temple_entry_mist, serial_shops,
          shop_fountains
D:6:      layout_cave_pools, lemuel_coloured_pillars_altar,
          lemuel_crystal_altar, uniq_grinder
D:7:      layout_layer_cave, mainiacjoe_overflow_large_starburst, serial_shops,
          nicolae_inconvenience_store, hangedman_glass_teeth
D:8:      layout_basic, uniq_maurice
D:9:      layout_roguey, uniq_psyche
D:12:     layout_cave_pools, portal_ice_cave_entry_animals_and_master,
          kennysheep_cross_room, uniq_nessos

Skill      XL: |  1  2  3  4  5  6  7  8  9 10 |
---------------+-------------------------------+-----
Axes           | 2 3 4 5 6 7 |  7.8
Fighting       | 3 4 5 6 7 8 |  8.1
Shields        | 3 4 5 6 7 8 |  8.0
Evocations     | 3 5 |  5.5
Armour         | |  2.8

Action                   |  1- 3 |  4- 6 |  7- 9 | 10-12 || total
-------------------------+-------+-------+-------+-------++-------
Melee: War axe           |   123 |    81 |   149 |       ||   353
       Dagger            |       |     9 |    25 |       ||    34
       Flail             |       |       |   102 |    14 ||   116
       Mace              |       |       |    34 |     7 ||    41
Throw: Dart              |     3 |     3 |     6 |       ||    12
Evoke: Wand              |       |       |    15 |     1 ||    16
       Lightning rod     |       |       |       |     4 ||     4
  Use: Scroll            |       |       |     6 |     8 ||    14
       Potion            |       |       |     2 |     3 ||     5
 Stab: Paralysed         |       |       |    18 |       ||    18
Armor: Scale mail        |    74 |    35 |    16 |    12 ||   137
       Chain mail        |       |       |   133 |       ||   133
Dodge: Dodged            |    67 |    42 |    92 |    12 ||   213
Block: Buckler           |     7 |       |       |       ||     7
       Kite shield       |    35 |    69 |   175 |    32 ||   311

Table legend: (Time is in decaauts)
 A = Elapsed time spent in this place.
 B = Non-inter-level travel time spent in this place.
 C = Inter-level travel time spent in this place.
 D = Time resting spent in this place.
 E = Time spent auto-exploring this place.
 F = Levels seen in this place.
 G = Mean time per level.
                   A        B        C        D        E       F      G
               +--------+--------+--------+--------+--------+-----+--------+
         Total |   8426 |   7960 |    466 |   1209 |   4264 |  10 |  842.6 |
       Dungeon |   8426 |   7960 |    466 |   1209 |   4264 |  10 |  842.6 |
               +--------+--------+--------+--------+--------+-----+--------+

Top non-repeatable levels by time:
     D:7: 1514 daAuts
     D:8: 1100 daAuts
     D:1: 1088 daAuts
     D:6: 947 daAuts
     D:3: 919 daAuts
     D:5: 854 daAuts
     D:2: 760 daAuts
     D:4: 662 daAuts
     D:9: 469 daAuts
    D:12: 111 daAuts
